 Dungeon Crawl Stone Soup version 0.18.1-50-g88ac8fd (webtiles) character file.

668 Kenran the Slasher (level 7, -5/50 HPs)
             Began as a Halfling Berserker on Oct 6, 2016.
             Was an Elder of Trog.
             Slain by a human zombie (6 damage)
             ... in an ossuary.
             The game lasted 00:11:25 (4502 turns).

Kenran the Slasher (Halfling Berserker)             Turns: 4502, Time: 00:11:26

Health: -5/50      AC: 13    Str: 18    XL:     7   Next: 88%
Magic:  7/7        EV: 14    Int:  6    God:    Trog [****..]
Gold:   269        SH:  0    Dex: 15    Spells: 0 memorised, 6 levels left

rFire  . . .     SeeInvis .     e - +2 mace (protect)
rCold  . . .     Gourm    .     j - +0 ring mail
rNeg   . . .     Faith    .     (shield restricted)
rPois  .         Spirit   .     (no helmet)
rElec  .         Dismiss  .     (no cloak)
rCorr  .         Reflect  .     (no gloves)
SustAt .         Harm     .     k - +0 pair of boots
MR     .....                    (no amulet)
Stlth  +.........               (no ring)
                                d - +2 ring of protection

@: exhausted, not resistant to hostile enchantments, very unstealthy
A: mutation resistance 1
a: Berserk, Trog's Hand, Brothers in Arms, Burn Spellbooks, Renounce Religion


You were in an ossuary.
You worshipped Trog.
Trog was greatly pleased with you.
You were near starving.

You visited 1 branch of the dungeon, and saw 5 of its levels.
You also visited: Ossuary.

You collected 269 gold pieces.

Inventory:

Hand Weapons
 a - a +0 falchion
 e - a +2 mace of protection (weapon)
 t - a +0 hunting sling
Missiles
 f - 270 stones (quivered)
 w - 90 sling bullets
Armour
 j - a +0 ring mail (worn)
 k - a +0 pair of boots (worn)
Jewellery
 d - a +2 ring of protection (left hand)
Wands
 p - a wand of disintegration (8/24)
Scrolls
 b - 3 scrolls of identify {@r1}
 g - 3 scrolls of enchant armour
 l - 2 scrolls of teleportation {unknown}
 m - a scroll of recharging {unknown}
 r - a scroll of fog {unknown}
 u - 2 scrolls of blinking {unknown}
Potions
 h - a potion of invisibility
 o - a potion of agility {unknown}
 q - a potion of cancellation {unknown}
 s - a potion of flight {unknown}
 z - a potion of lignification {unknown}
Comestibles
 c - 6 bread rations {@e1}
 i - a beef jerky {@e2}
 n - a meat ration {@e1}


   Skills:
 - Level 5.3 Fighting
 + Level 7.0 Long Blades
 - Level 2.1 Armour
 - Level 2.1 Dodging


You had 6 spell levels left.
You didn't know any spells.

Dungeon Overview and Level Annotations

Branches:
Dungeon (5/15)
 Temple: D:4-7

Altars:
Dithmenos
Nemelex Xobeh
Pakellas


Innate Abilities, Weirdness & Mutations

You are small and have problems with some larger weapons.
You are somewhat resistant to further mutation.


Message History

The human zombie hits you but does no damage.
You hit the human zombie.
The human zombie hits you but does no damage.
You hit the human zombie. The human zombie completely misses you.
The human zombie barely misses you.
You barely miss the human zombie. The human zombie hits you.
* * * LOW HITPOINT WARNING * * *
The human zombie closely misses you.
You closely miss the human zombie. The human zombie closely misses you.
You sock the human zombie!
The human zombie hits you but does no damage.
The human zombie barely misses you.
You hit the human zombie. The human zombie misses you.
The human zombie completely misses you.
You completely miss the human zombie.
You feel yourself speed up. The human zombie hits you.
* * * LOW HITPOINT WARNING * * *
The human zombie hits you.
You die...

#...# ....## #...#
#...# ....# #...#
#..M# .....# #...#
#...# ...∩.# #...#
#...# #...# #...#
#...# #...# #...#
#...##############...#
#......@.............#
#.....Z...∩∩.........#
######################


You could see a human zombie.

Vanquished Creatures
  2 big kobolds (D:3)
  An elf zombie (Ossuary)
  A howler monkey (D:4)
  A crimson imp (D:5)
  A human zombie (Ossuary)
  2 orc wizards
  A mummy (Ossuary)
  9 gnolls
  3 adders
  A howler monkey skeleton (D:5)
  2 adder zombies (Ossuary)
  4 dart slugs
  3 worms (D:2)
  A giant gecko (D:5)
  16 orcs
  A ball python (D:1)
  6 bats
  A giant cockroach (D:2)
  27 goblins
  30 hobgoblins
  A jackal (D:3)
  10 kobolds
  A quokka (D:4)
  2 giant newts
  7 hobgoblin zombies (Ossuary)
  A jackal skeleton (D:4)
  A jackal zombie (Ossuary)
  10 kobold zombies (Ossuary)
  6 orc zombies (Ossuary)
  5 rats
157 creatures vanquished.

Vanquished Creatures (others)
  A rakshasa (D:2)
1 creature vanquished.

Grand Total: 158 creatures vanquished

Notes
Turn   | Place    | Note
--------------------------------------------------------------
     0 | D:1      | Kenran the Halfling Berserker began the quest for the Orb.
     0 | D:1      | Reached XP level 1. HP: 15/15 MP: 1/1
   242 | D:1      | Reached XP level 2. HP: 17/21 MP: 2/2
   430 | D:1      | Reached XP level 3. HP: 26/26 MP: 3/3
   911 | D:2      | Found a sparkling altar of Nemelex Xobeh.
   924 | D:2      | Reached ** piety under Trog
   924 | D:2      | Reached XP level 4. HP: 31/33 MP: 4/4
  1085 | D:2      | Found an oddly glowing altar of Pakellas.
  1085 | D:2      | Noticed a rakshasa
  1106 | D:2      | Killed a rakshasa
  1371 | D:2      | Found a shadowy altar of Dithmenos.
  1841 | D:3      | Reached XP level 5. HP: 38/38 MP: 5/5
  1851 | D:3      | Reached skill level 5 in Fighting
  1992 | D:3      | Reached *** piety under Trog
  2326 | D:3      | Reached XP level 6. HP: 28/45 MP: 6/6
  2475 | D:3      | Reached skill level 4 in Long Blades
  2569 | D:3      | Reached skill level 5 in Long Blades
  2569 | D:3      | Reached XP level 7. HP: 17/50 MP: 7/7
  2989 | D:3      | Reached **** piety under Trog
  3537 | D:4      | Reached skill level 6 in Long Blades
  4166 | D:5      | Entered Level 5 of the Dungeon
  4270 | D:5      | Found a sand-covered staircase.
  4279 | Ossuary  | Entered an ossuary
  4485 | Ossuary  | Reached skill level 7 in Long Blades
  4502 | Ossuary  | HP: 1/50 [human zombie (5)]
  4502 | Ossuary  | Slain by a human zombie

Skill      XL: |  1  2  3  4  5  6  7 |
---------------+----------------------+-----
Fighting       | 3 4 5 |  5.3
Long Blades    | 5 7 |  7.0
Armour         | |  2.1
Dodging        | |  2.1

Action                   |  1- 3 |  4- 6 |  7- 9 || total
-------------------------+-------+-------+-------++-------
Melee: Falchion          |    11 |       |       ||    11
       Mace              |    53 |   203 |   254 ||   510
Invok: Berserk           |     1 |     3 |     1 ||     5
  Use: Scroll            |     1 |     3 |     2 ||     6
 Stab: Sleeping          |     1 |       |       ||     1
  Eat: Chunk             |     1 |     6 |     1 ||     8
       Pizza             |       |     1 |       ||     1
       Meat ration       |       |       |     1 ||     1
       Beef jerky        |       |       |     1 ||     1
Armor: Animal skin       |    19 |       |       ||    19
       Ring mail         |    12 |   142 |   156 ||   310
Dodge: Dodged            |    65 |   297 |   302 ||   664
